 Dungeon Crawl Stone Soup version 0.27-a0-1513-g2aaa0cc67b (webtiles) character file.

Game seed: 4802900800413845466

3 bilbop the Caller (level 1, 0/10 HPs)
             Began as a Kobold Summoner on July 10, 2021.
             Slain by a hobgoblin (4 damage)
             ... on level 1 of the Dungeon.
             The game lasted 00:01:13 (57 turns).

bilbop the Caller (Kobold Summoner)                   Turns: 57, Time: 00:01:14

Health: 0/10       AC:  2    Str:  5    XL:     1   Next: 55%
Magic:  0/3        EV: 15    Int: 16    God:
Gold:   0          SH:  0    Dex: 15    Spells: 3/4 levels left

rFire    . . .     SeeInvis .   (weapon restricted)
rCold    . . .     Faith    .   (shield restricted)
rNeg     . . .     Spirit   .   a - +0 robe
rPois    .         Reflect  .   (no helmet)
rElec    .         Harm     .   (no cloak)
rCorr    .         Rampage  .   (no gloves)
Will     .....                  (no boots)
Stlth    +++.......             (no amulet)
HPRegen  0.03/turn              (no ring)
MPRegen  0.08/turn              (no ring)

@: no status effects
A: small, no large weapons, nightstalker 3
a: no special abilities


You were on level 1 of the Dungeon.
You visited 1 branch of the dungeon, and saw 1 of its levels.

Inventory:

Armour
 a - a +0 robe (worn)
Scrolls
 b - 2 scrolls of identify {unknown}
 c - a scroll of blinking {unknown}


   Skills:
 + Level 0.1 Fighting
 + Level 0.3 Short Blades
 + Level 2.5 Dodging
 + Level 2.7 Stealth
 + Level 2.2 Spellcasting
 + Level 4.0 Summonings


You had 3 spell levels left.
You knew the following spells:

 Your Spells              Type           Power      Damage    Failure   Level
a - Summon Small Mammal   Summ           56%        N/A       3%          1

Your spell library contained the following spells:

 Spells                   Type           Power      Damage    Failure   Level
 Call Imp                 Summ           14%        N/A       6%          2
 Call Canine Familiar     Summ           14%        N/A       12%         3
 Summon Guardian Golem    Hex/Summ       8%         N/A       26%         3
 Summon Lightning Spire   Summ/Air       8%         N/A       65%         4


Dungeon Overview and Level Annotations

Branches:
Dungeon (1/15)

Altars:


Innate Abilities, Weirdness & Mutations

You are small and have problems with some larger weapons.
You are completely attuned to the shadows.


Message History

The quokka is almost dead.
Your bat barely misses the quokka.
Your bat hits the quokka but does no damage.
The quokka misses you.
Your bat barely misses the quokka.
The quokka barely misses you.
You closely miss the quokka.
The quokka is almost dead.
Your bat hits the quokka but does no damage.
Your bat closely misses the quokka.
Your bat misses the quokka. The quokka closely misses you.
You miss the quokka.
The quokka is almost dead.
Your bat hits the quokka but does no damage.
Your bat closely misses the quokka. x2; The quokka bites your bat.
Your bat dies!
Your bat's corpse disappears in a puff of smoke!
Casting: Summon Small Mammal (safe; 4% risk of failure)
Confirm with . or Enter, or press ? or * to list all spells.
The quokka misses you.
You hit the quokka.
You kill the quokka!
The frilled lizard misses you.
You miss the frilled lizard. Your bat hits the frilled lizard.
Your bat completely misses the frilled lizard.
Your bat barely misses the frilled lizard.
The frilled lizard misses you.
You miss the frilled lizard.
The frilled lizard is heavily wounded.
Your bat hits the frilled lizard.
The frilled lizard dies!
You hit the hobgoblin but do no damage. The hobgoblin completely misses you.
Your bat closely misses the hobgoblin.
You barely miss the hobgoblin. Your bat hits the hobgoblin.
Your bat completely misses the hobgoblin.
The hobgoblin misses you.
You hit the hobgoblin.
The hobgoblin is moderately wounded.
Your bat closely misses the hobgoblin.
Your bat hits the hobgoblin. The hobgoblin hits you.
You die...

.... ##.
###.###...
#.......#
#######.#'###.##
+.....'.#...g...
#.....#.#.#§....
#..>..###.#.)...
#..<.(# #b#.†...
#.....# #@g.#.##
#+##### ##### #


You could see a hobgoblin (ally target) and a friendly bat (summoned).

Vanquished Creatures
  A quokka (D:1)
1 creature vanquished.

Vanquished Creatures (collateral kills)
  A ball python (D:1)
  A kobold (D:1)
  A frilled lizard (D:1)
3 creatures vanquished.

Grand Total: 4 creatures vanquished

Notes
Turn   | Place    | Note
-------+----------+-------------------------------------------
     0 | D:1      | bilbop the Kobold Summoner began the quest for the Orb.
     0 | D:1      | Reached XP level 1. HP: 10/10 MP: 3/3
    57 | D:1      | Slain by a hobgoblin

Illustrated notes

Levels and vault maps discovered:
D:1:      shiori_arrival_maze, layout_rooms

Action                   || total
-------------------------++-------
Melee: Unarmed           ||    24
 Cast: Summon Small Mamm ||     5
Armor: Robe              ||     1
Dodge: Dodged            ||    24

Table legend: (Time is in decaauts)
 A = Elapsed time spent in this place.
 B = Non-inter-level travel time spent in this place.
 C = Inter-level travel time spent in this place.
 D = Time resting spent in this place.
 E = Time spent auto-exploring this place.
 F = Levels seen in this place.
 G = Mean time per level.
                   A        B        C        D        E       F      G
               +--------+--------+--------+--------+--------+-----+--------+
         Total |     57 |     57 |      0 |      0 |     19 |   1 |   57.0 |
       Dungeon |     57 |     57 |      0 |      0 |     19 |   1 |   57.0 |
               +--------+--------+--------+--------+--------+-----+--------+

Top non-repeatable levels by time:
     D:1: 57 daAuts
